 Dungeon Crawl Stone Soup version 0.18.1-5-g4a78601 (webtiles) character file.

369 Jerry the Twirler (level 6, -2/50 HPs)
             Began as a Minotaur Gladiator on May 14, 2016.
             Was a Believer of Pakellas.
             Slain by Edmund
             ... wielding a +0 dire flail
              (12 damage)
             ... on level 5 of the Dungeon.
             The game lasted 00:13:13 (2993 turns).

Jerry the Twirler (Minotaur Gladiator)              Turns: 2993, Time: 00:13:13

Health: -2/50      AC: 10    Str: 21    XL:     6   Next: 41%
Magic:  7/7        EV: 12    Int:  5    God:    Pakellas [**....]
Gold:   259        SH:  0    Dex: 11    Spells: 0 memorised, 5 levels left

rFire  . . .     SeeInvis .     o - +1 flail (protect)
rCold  . . .     Gourm    .     h - +0 ring mail
rNeg   . . .     Faith    .     (no shield)
rPois  .         Spirit   .     c - +0 hat
rElec  .         Dismiss  .     (no cloak)
rCorr  .         Reflect  .     (no gloves)
SustAt .         Harm     .     (no boots)
MR     .....     Rnd*Tele +     (no amulet)
Stlth  +.........               (no ring)
                                g - ring of teleportation (curse)

@: not resistant to hostile enchantments, very unstealthy
A: retaliatory headbutt, horns 2
a: Quick Charge, Renounce Religion


You were on level 5 of the Dungeon.
You worshipped Pakellas.
Pakellas was pleased with you.
You were near starving.

You visited 1 branch of the dungeon, and saw 5 of its levels.

You collected 259 gold pieces.

Inventory:

Hand Weapons
 a - a +0 quarterstaff
 o - a +1 flail of protection (weapon)
Missiles
 d - 4 throwing nets (quivered)
Armour
 b - a +0 leather armour
 c - a +0 hat (worn)
 h - a +0 ring mail (worn)
 r - a +0 scale mail
Jewellery
 g - a cursed ring of teleportation (left hand)
 t - an uncursed ring of magical power {unknown}
Wands
 p - a wand of slowing (16/48)
Scrolls
 i - a scroll of blinking {unknown}
 m - a scroll of amnesia {unknown}
 n - 2 scrolls of remove curse {unknown}
 s - a scroll of identify {unknown}
 v - a scroll of teleportation {unknown}
Potions
 e - 2 potions of brilliance {unknown}
 j - 3 potions of curing {unknown}
 k - a potion of might {unknown}
 l - a potion of lignification {unknown}
 q - a potion of mutation {unknown}
Books
 u - Sif Muna's Almanac of Transmigration
   (You found it on level 4 of the Dungeon)

   Spells                             Type                      Level
   a - Beastly Appendage              Transmutation                1
Comestibles
 f - 3 bread rations


   Skills:
 - Level 2.4 Fighting
 + Level 6.1 Staves
 - Level 2.0 Throwing
 + Level 4.3 Armour
 - Level 3.2 Dodging
 + Level 2.9 Evocations


You had 5 spell levels left.
You didn't know any spells.

Dungeon Overview and Level Annotations

Branches:
Dungeon (5/15)
 Temple: D:4-7

Altars:
Ashenzari
Kikubaaqudgha
Makhleb
Pakellas
Sif Muna
Vehumet
Xom

Annotations:
D:5 Edmund


Innate Abilities, Weirdness & Mutations

You reflexively headbutt those who attack you in melee.
You have a pair of horns on your head.


Message History

You closely miss Edmund. You headbutt Edmund, but do no damage.
Edmund is lightly wounded.
Edmund misses you. You furiously retaliate!
You headbutt Edmund! Edmund barely misses you.
Your ring mail prevents you from hitting Edmund.
Edmund is moderately wounded.
Edmund hits you but does no damage. The shadow imp gestures at you.
Pain shoots through your body! Edmund closely misses you.
You furiously retaliate!
You headbutt Edmund. You closely miss Edmund.
Edmund is moderately wounded.
The crimson imp blinks!
Edmund hits you with a dire flail!!
* * * LOW HITPOINT WARNING * * *
You are too injured to fight recklessly!
Drink which item? (? for menu, Esc to quit)
Okay, then.
Edmund hits you with a dire flail!
You die...
Pakellas says: Time to start the next experiment...

....## ...... ##
...... #. #......
## ##### .......
#...# ....#
#######...####....#
...........#.@.5..#
#
#######....#@..####
# #....ยง...# #
#...#....# #
#####....# # #....#
# ##+### # # #.%.
####


You could see Edmund (berserk) and a shadow imp.

Vanquished Creatures
  A howler monkey (D:4)
  A crimson imp (D:4)
  A giant frog skeleton (D:5)
  A hound (D:4)
  A worker ant (D:3)
  7 adders
  7 gnolls
  4 worms
  A giant gecko (D:2)
  3 orcs (D:4)
  8 bats
  8 giant cockroaches
  5 goblins
  7 hobgoblins
  8 jackals
  4 giant newts
  A jackal zombie (D:4)
  7 kobolds
  A quokka skeleton (D:5)
  7 rats
83 creatures vanquished.

Vanquished Creatures (others)
  A hungry ghost (D:2)
1 creature vanquished.

Grand Total: 84 creatures vanquished

Notes
Turn   | Place    | Note
--------------------------------------------------------------
     0 | D:1      | Jerry the Minotaur Gladiator began the quest for the Orb.
     0 | D:1      | Reached XP level 1. HP: 18/18 MP: 0/0
    70 | D:1      | Reached skill level 1 in Armour
   347 | D:1      | Reached XP level 2. HP: 23/25 MP: 1/1
   347 | D:1      | Reached skill level 4 in Staves
   670 | D:2      | Reached XP level 3. HP: 30/30 MP: 2/2
   982 | D:2      | Found an oddly glowing altar of Pakellas.
   982 | D:2      | Noticed a hungry ghost
   986 | D:2      | Became a worshipper of Pakellas the Inventive
   991 | D:2      | Killed a hungry ghost
  1526 | D:2      | Reached XP level 4. HP: 37/37 MP: 3/3
  1545 | D:3      | Reached skill level 1 in Evocations
  1620 | D:3      | Reached skill level 5 in Staves
  1624 | D:3      | Reached * piety under Pakellas
  1624 | D:3      | Received a gift from Pakellas
  1847 | D:3      | Reached XP level 5. HP: 42/42 MP: 5/5
  2508 | D:4      | Reached ** piety under Pakellas
  2508 | D:4      | Received a gift from Pakellas
  2523 | D:4      | Reached XP level 6. HP: 50/50 MP: 6/6
  2594 | D:4      | Found a shattered altar of Ashenzari.
  2788 | D:4      | Found an ancient bone altar of Kikubaaqudgha.
  2788 | D:4      | Found a deep blue altar of Sif Muna.
  2790 | D:4      | Found a radiant altar of Vehumet.
  2795 | D:4      | Identified Sif Muna's Almanac of Transmigration
  2879 | D:4      | Found a shimmering altar of Xom.
  2880 | D:4      | Found a burning altar of Makhleb.
  2887 | D:4      | Reached skill level 6 in Staves
  2944 | D:5      | Entered Level 5 of the Dungeon
  2983 | D:5      | Noticed Edmund
  2993 | D:5      | Slain by Edmund

Skill      XL: |  1  2  3  4  5  6 |
---------------+-------------------+-----
Armour         | 1 2 3 4 |  4.3
Staves         | 4 5 6 |  6.1
Evocations     | 1 2 |  2.9
Fighting       | |  2.4
Throwing       | |  2.0
Dodging        | |  3.2

Action                   |  1- 3 |  4- 6 || total
-------------------------+-------+-------++-------
Melee: Quarterstaff      |    90 |       ||    90
       Headbutt          |    16 |    16 ||    32
       Flail             |     1 |   107 ||   108
Throw: Throwing net      |     4 |       ||     4
 Stab: Held in net/web   |     2 |       ||     2
  Eat: Chunk             |     1 |     4 ||     5
Armor: Leather armour    |     7 |       ||     7
       Ring mail         |    20 |    49 ||    69
Dodge: Dodged            |    44 |    83 ||   127
